 Dungeon Crawl Stone Soup version 0.31-a0-963-ga325b2283a (webtiles) character file.

Game seed: 526378721115832404

187 Armakuni the Chiller (level 5, 0/36 HPs)
             Began as a Human Wanderer on Oct 25, 2023.
             Slain by Duvessa
             ... wielding a +4 short sword
              (7 damage)
             ... on level 4 of the Dungeon.
             The game lasted 00:07:27 (3371 turns).

Armakuni the Chiller (Human Wanderer)               Turns: 3371, Time: 00:07:28

Health: 0/36       AC:  5    Str: 13    XL:     5   Next: 99%
Magic:  6/6        EV: 10    Int: 12    God:
Gold:   206        SH:  0    Dex: 14    Spells: 3/6 levels left

rFire   . . .        b - +4 flail (heavy)
rCold   . . .        c - orb {light}
rNeg    . . .        d - +0 leather armour
rPois   .            (no helmet)
rElec   .            k - +0 cloak
rCorr   .            (no gloves)
SInv    .            i - +0 pair of boots
Will    .....        R - amulet of regeneration
Stlth   +            (no ring)
HPRegen 1.06/turn    (no ring)
MPRegen 0.10/turn

%: no passive effects
@: glowing
A: no striking features
a: no special abilities


You were on level 4 of the Dungeon.
You visited 1 branch of the dungeon, and saw 4 of its levels.

You collected 206 gold pieces.

Inventory:

Hand Weapons
 b - a +4 heavy flail (weapon)
 n - a +0 quarterstaff
Armour
 c - an orb of light (worn)
 d - a +0 leather armour (worn)
 i - a +0 pair of boots (worn)
 k - a +0 cloak (worn)
Magical Staves
 a - a staff of cold
Jewellery
 m - a ring of positive energy
 R - an amulet of regeneration (around neck)
Scrolls
 e - 4 scrolls of blinking
 g - 2 scrolls of noise
Potions
 o - a potion of haste {unknown}
 q - a potion of degeneration {unknown}


   Skills:
 - Level 0.4 Fighting
 - Level 1.0 Stealth
 - Level 3.0 Unarmed Combat
 - Level 1.0 Spellcasting
 - Level 5.0 Ice Magic
 + Level 4.0 Evocations


You had 3 spell levels left.
You knew the following spells:

 Your Spells              Type           Power      Damage    Failure   Level
r - Frozen Ramparts       Ice            24%        1d4       14%         3

Your spell library contained the following spells:

 Spells                   Type           Power      Damage    Failure   Level
 Freeze                   Ice            48%        1d6       4%          1
 Volatile Blastmotes      Fire/Tloc      0%         2d10      75%         3
 Fulminant Prism          Conj/Hex       0%         3d5       98%         4
 Iskenderun's Mystic Bla  Conj/Tloc      0%         2d3       98%         4


Dungeon Overview and Level Annotations

Branches:
Dungeon (4/15)
 Temple: D:4-7

Altars:

Annotations:
D:4 Dowan, Duvessa


Message History

It was a potion of cancellation.
Your magical effects are unravelling.
You feel magically purged.
You float gracefully downwards.
Your enlightenment fades.
Duvessa hits you with a +4 short sword.
* * * LOW HITPOINT WARNING * * *
It was a potion of heal wounds.
You feel much better. Duvessa hits you with a +4 short sword.
As you read the scroll of summoning, it crumbles to dust.
Wisps of shadow whirl around you... Duvessa hits you with a +4 short sword!
You barely miss Duvessa.
Duvessa is moderately wounded.
Duvessa hits you with a +4 short sword.
Your ball python bites Duvessa but does no damage.
Your ball python grabs Duvessa.
Your ball python constricts Duvessa.
Your ball python bites Duvessa.
Duvessa barely misses your ball python.
Your giant cockroach bites Duvessa but does no damage.
Your ball python bites Duvessa.
Your ball python constricts Duvessa.
Your ball python bites Duvessa but does no damage.
You thump Duvessa!
Duvessa is severely wounded.
Your ball python bites Duvessa but does no damage.
Your ball python constricts Duvessa.
Your giant cockroach bites Duvessa.
Your ball python bites Duvessa but does no damage.
Duvessa hits you with a +4 short sword!
* * * LOW HITPOINT WARNING * * *
Your giant cockroach bites Duvessa but does no damage.
Your ball python bites Duvessa.
Your ball python completely misses Duvessa.
Your ball python constricts Duvessa.
Duvessa hits your ball python with a +4 short sword!
Your ball python dies!
Your ball python's corpse dissolves into shadows!
Your giant cockroach bites Duvessa but does no damage.
Your ball python bites Duvessa but does no damage.
Your ball python constricts Duvessa.
You hit Duvessa.
Duvessa is severely wounded.
Duvessa hits you with a +4 short sword!
You die...

####### #.....#
#.###.# #B@S..#
#.e#### . #..####
######## ... #..#..#
#....... .....#..#..#
#.#####.
...........######)###
#.
####.##..#...e......#
#.
..................#
#.
....#.#####.........#
#†


You could see Duvessa (ally target), a friendly giant cockroach (summoned) and a
friendly ball python (summoned).

Vanquished Creatures
  A howler monkey (D:4)
  An orc priest (D:4)
  4 adders
  4 worms
  A dart slug (D:2)
  7 orcs
  7 endoplasms
  3 giant cockroaches
  5 goblins
  11 hobgoblins
  4 jackals
  2 kobolds
  3 quokkas
  A ball python (D:4)
  4 bats
  4 frilled lizards
  A rat (D:1)
63 creatures vanquished.

Notes
Turn   | Place    | Note
-------+----------+-------------------------------------------
     0 | D:1      | Armakuni the Human Wanderer began the quest for the Orb.
     0 | D:1      | Armakuni set off with the following items: a +0 dagger, a
                  | scroll of summoning, a wand of polymorph (3), a +0 leather
                  | armour, 2 scrolls of blinking; and the following spell
                  | memorised: Freeze; and the following spells available to
                  | memorise: Frozen Ramparts.
     0 | D:1      | Reached XP level 1. HP: 13/13 MP: 2/2
   302 | D:1      | Reached XP level 2. HP: 20/20 MP: 0/3
   833 | D:1      | Reached XP level 3. HP: 21/25 MP: 4/4
   839 | D:1      | Reached skill level 4 in Ice Magic
   977 | D:2      | Learned a level 3 spell: Frozen Ramparts
  1283 | D:2      | Noticed Terence
  1528 | D:2      | Terence changed into Terence the dart slug
  1528 | D:2      | Noticed Terence
  1536 | D:2      | Killed Terence the dart slug
  1693 | D:2      | Reached XP level 4. HP: 31/31 MP: 5/5
  2742 | D:3      | Reached skill level 5 in Ice Magic
  2973 | D:4      | Reached XP level 5. HP: 28/36 MP: 2/6
  3178 | D:4      | Noticed Duvessa
  3181 | D:4      | Noticed Dowan
  3371 | D:4      | Slain by Duvessa

Illustrated notes

Levels and vault maps discovered:
D:1:      amcnicky_arrival_wind_blow, layout_basic, minmay_misc_feat_nine_boxes,
          kennysheep_pointless_box, feat_on_display
D:2:      layout_basic, uniq_terence
D:3:      layout_basic
D:4:      layout_basic, chequers_ossuary_entry_cave, uniq_duvessa

Skill      XL: |  1  2  3  4  5 |
---------------+----------------+-----
Ice Magic      | 4 5 |  5.0
Evocations     | 3 4 |  4.0
Fighting       | |  0.4
Stealth        | |  1.0
Unarmed Combat | |  3.0
Spellcasting   | |  1.0

Action                     |  1- 3 |  4- 6 || total
---------------------------+-------+-------++-------
  Melee: Dagger            |    16 |       ||    16
         Staff             |    55 |       ||    55
         Flail             |     1 |    67 ||    68
   Cast: Freeze            |    24 |     7 ||    31
  Evoke: Wand              |     2 |     1 ||     3
    Use: Scroll            |     2 |     5 ||     7
         Potion            |       |     3 ||     3
   Stab: Sleeping          |     1 |       ||     1
 Armour: Leather armour    |    58 |    80 ||   138
  Dodge: Dodged            |    43 |    38 ||    81

Table legend: (Time is in decaauts)
 A = Elapsed time spent in this place.
 B = Non-inter-level travel time spent in this place.
 C = Inter-level travel time spent in this place.
 D = Time resting spent in this place.
 E = Time spent auto-exploring this place.
 F = Levels seen in this place.
 G = Mean time per level.
                   A        B        C        D        E       F      G
               +--------+--------+--------+--------+--------+-----+--------+
         Total |   3456 |   3313 |    143 |    195 |   2413 |   4 |  864.0 |
       Dungeon |   3456 |   3313 |    143 |    195 |   2413 |   4 |  864.0 |
               +--------+--------+--------+--------+--------+-----+--------+

Top non-repeatable levels by time:
     D:2: 1159 daAuts
     D:1: 1013 daAuts
     D:3: 871 daAuts
     D:4: 411 daAuts
